 Dungeon Crawl Stone Soup version 0.30-a0-4-ga7cffc901d (webtiles) character file.

Game seed: 16958166184267723839

21 ytrimaz the Trooper (level 2, 24/24 HPs)
             Began as a Demonspawn Fighter on Aug 22, 2022.
             Was a Follower of Wu Jian.
             Quit the game on level 1 of the Dungeon.
             The game lasted 00:01:07 (671 turns).

ytrimaz the Trooper (Demonspawn Fighter)             Turns: 671, Time: 00:01:07

Health: 24/24      AC:  6    Str: 16    XL:     2   Next: 62%
Magic:  11/11      EV:  9    Int:  9    God:    Wu Jian [*.....]
Gold:   112        SH:  0    Dex: 12    Spells: 1/1 levels left

rFire   . . .      SeeInvis .    a - +0 war axe
rCold   . . .      Faith    .    (no shield)
rNeg    . . .      Spirit   .    b - +0 scale mail
rPois   .          Reflect  .    (no helmet)
rElec   .          Harm     .    (no cloak)
rCorr   .          Rampage  .    (no gloves)
Will    .....                    (no boots)
Stlth   ..........               (no amulet)
HPRegen 0.08/turn                f - ring of magical power
MPRegen 0.12/turn                h - ring of wizardry

@: no status effects
A: demonic touch 1
a: Renounce Religion


You were on level 1 of the Dungeon.
You worshipped Wu Jian.
Wu Jian was aware of your devotion.
You visited 1 branch of the dungeon, and saw 2 of its levels.

You collected 112 gold pieces.

Inventory:

Hand Weapons
 a - a +0 war axe (weapon)
Armour
 b - a +0 scale mail (worn)
 c - a +0 buckler
Jewellery
 f - a ring of magical power (left hand)
 h - a ring of wizardry (right hand)
Scrolls
 e - 2 scrolls of identify {unknown}
 i - 2 scrolls of teleportation {unknown}
 l - a scroll of acquirement {unknown}
 m - a scroll of enchant weapon {unknown}
 n - a scroll of poison {unknown}
Potions
 d - a potion of might
 g - a potion of invisibility {unknown}
 j - a potion of curing {unknown}
 k - 2 potions of berserk rage {unknown}


   Skills:
 * Level 3.5 Fighting
 * Level 2.2 Axes
 + Level 2.9 Armour
 - Level 2.6 Shields


You had one spell level left.
You didn't know any spells.
Your spell library was empty.

Dungeon Overview and Level Annotations

Branches:
Dungeon (2/15)

Altars:
Wu Jian


Innate Abilities, Weirdness & Mutations

Your touch may inflict minor irresistible damage on your foes.


Message History

The ball python constricts you. The ball python bites you.
The ball python constricts you.
Your unstable footing causes you to fumble your attack.
The ball python barely misses you. The ball python constricts you.
A ball python is nearby!
Your unstable footing causes you to fumble your attack.
The ball python bites you but does no damage.
The ball python constricts you. The ball python barely misses you.
The ball python constricts you.
A ball python is nearby!
You slash the ball python!
You kill the ball python!
HP restored.
You enter the shallow water.
Moving in this stuff is going to be slow.
You enter the shallow water.
Moving in this stuff is going to be slow.
You now have 91 gold pieces (gained 9).
You now have 101 gold pieces (gained 10).
You enter the shallow water.
Moving in this stuff is going to be slow.
You now have 112 gold pieces (gained 11).
Found a leather armour.
You enter the shallow water.
Moving in this stuff is going to be slow.
Why would you want to do that?
Found 12 gold pieces.
There is a faded altar of an unknown god here.
You cannot tell which god this altar belongs to.
Convert to them anyway?
Okay, then.
Unknown command.
Press < or > to pray at altars.
You cannot tell which god this altar belongs to.
Convert to them anyway?
Wu Jian accepts your prayer! The Council welcomes you!
You can now perform damaging attacks by moving towards foes.
You can now lightly attack monsters by moving around them.
Unknown command.
Press < or > to pray at altars.
Are you sure you want to abandon this character and quit the game? (Confirm with "yes".)

.. #. #.#.#
####$.###.###.#.###.#
#~~.........)..>....#
#.≈..~...~..~~#.#####
#~≈~≈~~~~~~~~.#.#
#.≈≈≈≈~≈≈~≈~.~#.#
#.~≈≈≈≈~~~~~≈.#.###
#.~≈≈≈~♣[≈≈~~~#.#..
#.≈~≈~~@~~~≈..#.#.#
#~.~≈~..~≈~~~...#.#
#$~~≈≈~~≈≈≈~......#
#~~≈≈≈≈≈≈≈≈~~~###.# .
#.~~≈≈≈~~~~~......#####.
#.~~...~....≈~###.......
#~.~..~~~.~.~.# ####..##
############### #....
##.##


There were no monsters in sight!

Vanquished Creatures
  3 ball pythons
  A giant cockroach (D:1)
  5 goblins
  3 hobgoblins
  A kobold (D:2)
  A quokka (D:2)
  A frilled lizard (D:1)
  2 rats (D:1)
17 creatures vanquished.

Notes
Turn   | Place    | Note
-------+----------+-------------------------------------------
     0 | D:1      | ytrimaz the Demonspawn Fighter began the quest for the Orb.
     0 | D:1      | Reached XP level 1. HP: 18/18 MP: 1/1
   293 | D:1      | Gained mutation: Your touch may inflict minor irresistible
                  | damage on your foes. [demonic ancestry]
   293 | D:1      | Reached XP level 2. HP: 22/24 MP: 2/2
   435 | D:1      | You fall into a shaft and drop 1 floor!
   573 | D:1      | Found a faded altar of an unknown god.
   670 | D:1      | Prayed at the altar of an unknown god.
   670 | D:1      | Became a worshipper of the Wu Jian Council
   670 | D:1      | Reached * piety under Wu Jian
   671 | D:1      | Quit the game

Illustrated notes

Levels and vault maps discovered:
D:1:      minmay_arrival_semitransparent, layout_loops_ring,
          chequers_ecumenical_altar_island, chequers_decorated_corner
D:2:      layout_rooms, serial_aquarium, aquarium_bridge_square
          [aquarium_subvault_window, aquarium_subvault_window,
          aquarium_subvault_bridge, aquarium_subvault_bridge],
          aquarium_window_2, aquarium_window_1, aquarium_window_1,
          aquarium_view_2d

Skill      XL: |  1 |
---------------+----+-----
Axes           | 2 |  2.2
Fighting       | |  3.5
Armour         | |  2.9
Shields        | |  2.6

Action                   || total
-------------------------++-------
Melee: War axe           ||    37
       Touch             ||     2
Armor: Scale mail        ||    20
Dodge: Dodged            ||    19
Block: Buckler           ||     5

Table legend: (Time is in decaauts)
 A = Elapsed time spent in this place.
 B = Non-inter-level travel time spent in this place.
 C = Inter-level travel time spent in this place.
 D = Time resting spent in this place.
 E = Time spent auto-exploring this place.
 F = Levels seen in this place.
 G = Mean time per level.
                   A        B        C        D        E       F      G
               +--------+--------+--------+--------+--------+-----+--------+
         Total |    691 |    691 |      0 |      0 |    528 |   2 |  345.5 |
       Dungeon |    691 |    691 |      0 |      0 |    528 |   2 |  345.5 |
               +--------+--------+--------+--------+--------+-----+--------+

Top non-repeatable levels by time:
     D:1: 550 daAuts
     D:2: 140 daAuts
